 Dungeon Crawl Stone Soup version 0.31-a0-152-g6aa68a64a1 (webtiles) character file.

Game seed: 2493424214746327161

8103 qw the Skirmisher (level 11, -11/68 HPs)
             Began as a Gargoyle Hunter on June 11, 2023.
             Was an Elder of Okawaru.
             Mangled by a komodo dragon (23 damage)
             ... on level 8 of the Dungeon.
             The game lasted 00:03:52 (7881 turns).

qw the Skirmisher (Gargoyle Hunter)                 Turns: 7881, Time: 00:03:53

Health: -11/68     AC: 16    Str: 18      XL:     11   Next: 25%
Magic:  16/17      EV: 16    Int: 10      God:    Okawaru [****..]
Gold:   468        SH:  5    Dex: 16 (17) Spells: 10/10 levels left

rFire   + . .        k - +1 shortbow (heavy)
rCold   . . .        (shield currently unavailable)
rNeg    + . .        b - +3 leather armour "Wulat" {Str+3}
rPois   inf          (no helmet)
rElec   +            (no cloak)
rCorr   .            o - +0 pair of gloves
SInv    .            (no boots)
Will    +....        f - amulet of reflection
Stlth   +++          d - ring of willpower
HPRegen 0.31/turn    j - ring of protection from fire
MPRegen 0.15/turn

%: reflection
@: about to teleport, heroic
A: sickness immunity, AC +8, negative energy resistance 1, electricity
resistance, torment resistance 1, petrification resistance
a: Renounce Religion, Heroism, Finesse


You were on level 8 of the Dungeon.
You worshipped Okawaru.
Okawaru was greatly pleased with you.
You visited 2 branches of the dungeon, and saw 9 of its levels.
You also visited: Sewer and Ossuary.

You collected 468 gold pieces.


Innate Abilities, Weirdness & Mutations

You are immune to sickness and miasma.
Your stone body is resilient. (AC +8)
You are immune to poison.
You resist negative energy. (rN+)
You are resistant to electric shocks. (rElec)
You are resistant to unholy torment.
You are immune to petrification.


   Skills:
 - Level 8.2(13.2) Fighting
 + Level 12.8(17.8) Ranged Weapons
 - Level 2.6(7.6) Armour
 - Level 4.0(9.0) Dodging
 - Level 1.1(6.1) Stealth
 + Level 8.7 Invocations


You had 10 spell levels left.
You didn't know any spells.
Your spell library was empty.

Inventory:

Hand Weapons
 k - a +1 heavy shortbow (weapon)
Armour
 b - the +3 leather armour "Wulat" (worn) {Str+3}
   (You found it on level 2 of the Dungeon)

   Str:       It affects your strength (+3).
 o - a +0 pair of gloves (worn)
Jewellery
 a - a ring of positive energy
 d - a ring of willpower (left hand)
 f - an amulet of reflection (around neck)
 j - a ring of protection from fire (right hand)
Scrolls
 i - a scroll of brand weapon
 l - a scroll of teleportation
 n - 6 scrolls of identify
Potions
 c - 4 potions of curing
 e - 3 potions of might
 g - a potion of heal wounds
 h - 3 potions of attraction
 m - 3 potions of haste
 p - 3 potions of magic
 q - a potion of cancellation
 r - 2 potions of mutation

Dungeon Overview and Level Annotations

Branches:
Dungeon (8/15)             Temple (0/1) D:6            Lair (1/5) D:8
  Sewer (visited)         Ossuary (visited)

Altars:
Fedhas
Okawaru
Ru
Trog
Vehumet
Wu Jian
Yredelemnul
Zin
The Shining One

Shops:
D:2 [   D:8 (

Annotations:
D:7 2 transporters, qw's ghost, novice GrHu
D:8 4 transporters


Message History

The water moccasin misses you. You block the komodo dragon's attack.
The black mamba bites you!
You shoot an arrow. The arrow misses the black mamba.
Your enlightenment fades.
The black mamba bites you. The water moccasin closely misses you.
The komodo dragon bites you! The black mamba bites you!
7877 ||| STAIRDANCE The water moccasin closely misses you.
The black mamba bites you! The komodo dragon barely misses you.
The water moccasin bites you but does no damage.
You climb upwards.
Welcome back to the Dungeon!
Level annotation: 4 transporters
There is a staircase to the Lair here.
Enter note:
Enter note:
Enter note:
Enter note:
Enter note:
Enter note:
Enter note:
Enter note:
Enter note: You shoot an arrow.
The arrow hits the black mamba but does no damage.
The black mamba is heavily wounded.
The black mamba bites you but does no damage.
The water moccasin completely misses you.
The black mamba misses you. The komodo dragon barely misses you.
You shoot an arrow. The arrow hits the black mamba!!
The black mamba is almost dead.
The black mamba closely misses you.
The water moccasin bites you but does no damage.
The black mamba bites you! You block the komodo dragon's attack.
The water moccasin misses you.
7881 ||| READING 2 scrolls of teleportation.
As you read the scroll of teleportation, it crumbles to dust.
You feel strangely unstable. The black mamba barely misses you.
The water moccasin misses you. The komodo dragon bites you!!
You die...

....#####.########.# #.#
###.##....# #.# #.#
###.##.#### #.# #.#
....##.# #.# #.# ##..##.#
#####.# #.# ##..##.# ###
#.....# #.#
##..##.###.###.##### #.#
##..##.##.#.##.########.#
##..##.#.#.....l@S......#
##..##.....##....S#######
##..####.###........#
....# ##.#..####[#.#
##.## ##.#.# #[#.# ...#
###.# #.#.# ##.# #.#
#.#.# #.# #.# ##)#.# #.#
#.###....#


You could see a komodo dragon, a black mamba and a water moccasin.

Vanquished Creatures
  A two-headed ogre (D:5)
  A wolf spider zombie (D:7)
  6 centaur zombies
  2 centaur skeletons (D:7)
  2 hellwings (D:7)
  A hornet (D:8)
  A wyvern (D:8)
  2 steam dragons (D:8)
  A water moccasin (D:7)
  2 orc warriors
  2 sky beasts
  2 black bears
  An ogre (D:6)
  2 centaurs
  4 ice beasts
  2 kobold brigands (Sewer)
  2 bullfrogs
  2 scorpions
  A water moccasin zombie (Ossuary)
  29 wights
  A bullfrog zombie (Ossuary)
  2 human zombies (Ossuary)
  3 hounds
  3 orc priests (D:7)
  3 jellies
  3 orc wizards
  5 iguanas
  3 ogre zombies (Ossuary)
  11 gnolls
  9 river rats
  17 adders
  6 shadow imps
  A white imp (D:6)
  2 ufetubi
  2 adder zombies (Ossuary)
  10 worms
  3 dart slugs
  25 orcs
  5 bats
  5 endoplasms
  11 giant cockroaches
  A gnoll zombie (Ossuary)
  4 hobgoblins
  4 jackals (D:2)
  24 kobolds
  6 quokkas
  11 ball pythons
  4 frilled lizards
  6 goblins
  4 goblin zombies (Ossuary)
  2 hobgoblin zombies (Ossuary)
  2 orc zombies (Ossuary)
  28 rats
292 creatures vanquished.

Notes
Turn   | Place    | Note
-------+----------+-------------------------------------------
     0 | D:1      | qw the Gargoyle Hunter began the quest for the Orb.
     0 | D:1      | Reached XP level 1. HP: 12/12 MP: 1/1
     0 | D:1      | 0 ||| qw: Version: 0.2-a-29-g99eb96e
     0 | D:1      | 0 ||| qw: Game counter: 4077
     0 | D:1      | 0 ||| qw: Always use a shield: true
     0 | D:1      | 0 ||| qw: God list: Okawaru
     0 | D:1      | 0 ||| qw: Allow faded altars: false
     0 | D:1      | 0 ||| qw: Do Orc after D:15 true
     0 | D:1      | 0 ||| qw: Do second Lair branch before Depths: true
     0 | D:1      | 0 ||| qw: Lair rune preference: random
     0 | D:1      | 0 ||| qw: Plans: Normal, Zot:1-4, Slime:5, God:TSO, Crypt,
                  | Tomb, Abyss, Pan, Hells, Win
     0 | D:1      | 0 ||| PLANNING D:1-11
   110 | D:1      | Reached XP level 2. HP: 17/17 MP: 2/2
   459 | D:1      | Reached XP level 3. HP: 21/21 MP: 3/3
   612 | D:1      | Reached skill level 5 in Ranged Weapons
   676 | D:1      | 676 ||| UPGRADING to amulet of regeneration.
   681 | D:1      | 681 ||| UPGRADING to ring of positive energy.
   682 | D:1      | 682 ||| UPGRADING to ring of protection from fire.
   683 | D:1      | 683 ||| READING scroll labelled QEXEHI KASA.
   684 | D:1      | 684 ||| READING scroll labelled JEASIL QUJA.
   685 | D:1      | 685 ||| READING scroll labelled PULAM COEXZEKH.
   686 | D:1      | 686 ||| READING scroll labelled CUFFYT PETOCIR.
   687 | D:1      | 687 ||| READING scroll labelled URUIS BESAO.
   688 | D:1      | 688 ||| DROPPING scroll of butterflies.
   717 | D:2      | Found Hylopp's Armour Emporium.
   722 | D:2      | 722 ||| SHOPLISTING +0 helmet (58 gold, have 8).
   722 | D:2      | 722 ||| SHOPLISTING +0 ring mail (52 gold, have 8).
   722 | D:2      | 722 ||| SHOPLISTING +3 ring mail of fire resistance (338
                  | gold, have 8).
   797 | D:2      | Identified the +3 leather armour "Wulat" {Str+3}
   951 | D:2      | Reached skill level 3 in Fighting
  1247 | D:2      | Reached XP level 4. HP: 28/28 MP: 4/4
  1277 | D:2      | Found a faded altar of an unknown god.
  1400 | D:2      | 1400 ||| UPGRADING to +3 leather armour "Wulat" {Str+3}.
  1410 | D:2      | 1410 ||| DROPPING +0 leather armour.
  1411 | D:2      | 1411 ||| UPGRADING to amulet of reflection.
  1421 | D:2      | 1421 ||| DROPPING amulet of regeneration.
  1422 | D:2      | 1422 ||| READING scroll labelled DOBEPA LIFOLI.
  1425 | D:2      | 1425 ||| READING 2 scrolls labelled GEQYBROIRI.
  1426 | D:2      | 1426 ||| READING scroll labelled YTHRAA CERAVALYO.
  1494 | D:3      | Found a sacrificial altar of Ru.
  1508 | D:3      | Found a bloodstained altar of Trog.
  1510 | D:3      | Found an iron altar of Okawaru.
  1511 | D:3      | 1511 ||| PLANNING OKAWARU WORSHIP
  1513 | D:3      | Became a worshipper of Warmaster Okawaru
  1513 | D:3      | 1513 ||| PLANNING D:1-11
  1515 | D:3      | Found a glowing golden altar of the Shining One.
  1656 | D:3      | Reached XP level 5. HP: 32/32 MP: 5/5
  1852 | D:3      | Reached skill level 6 in Ranged Weapons
  1963 | D:3      | 1963 ||| DROPPING amulet of the acrobat.
  1964 | D:3      | 1964 ||| UPGRADING to ring of willpower.
  1966 | D:3      | 1966 ||| READING 2 scrolls of identify.
  1966 | D:3      | 1966 ||| IDENTIFYING fuming silvery potion
  2240 | D:4      | 2240 ||| FLEEEEING.
  2278 | D:4      | Noticed a black bear
  2282 | D:4      | Reached XP level 6. HP: 38/38 MP: 6/6
  2287 | D:4      | Killed a black bear
  2320 | D:4      | 2320 ||| FLEEEEING.
  2321 | D:4      | 2321 ||| FLEEEEING.
  2322 | D:4      | 2322 ||| FLEEEEING.
  2323 | D:4      | 2323 ||| FLEEEEING.
  2324 | D:4      | 2324 ||| FLEEEEING.
  2325 | D:4      | 2325 ||| FLEEEEING.
  2326 | D:4      | 2326 ||| FLEEEEING.
  2327 | D:4      | 2327 ||| FLEEEEING.
  2382 | D:4      | Noticed a sky beast
  2391 | D:4      | Killed a sky beast
  2392 | D:4      | Reached skill level 7 in Ranged Weapons
  2392 | D:4      | Reached * piety under Okawaru
  2393 | D:4      | Reached XP level 7. HP: 43/43 MP: 7/7
  2542 | D:4      | Reached skill level 1 in Invocations
  3039 | D:4      | 3039 ||| READING scroll labelled MEAFFA OMNOOLA.
  3040 | D:4      | 3040 ||| READING scroll labelled ODWOMA KOHURO.
  3041 | D:4      | 3041 ||| READING 3 scrolls labelled KOSERRARUMM.
  3042 | D:4      | 3042 ||| READING scroll labelled BEAKHU TOFEPLE.
  3043 | D:4      | 3043 ||| READING 2 scrolls of identify.
  3043 | D:4      | 3043 ||| IDENTIFYING fuming red potion
  3044 | D:4      | 3044 ||| DROPPING 2 scrolls of noise.
  3060 | D:5      | Entered Level 5 of the Dungeon
  3061 | D:5      | 3061 ||| PLANNING SEWER
  3198 | D:5      | 3198 ||| INVOKING Heroism.
  3270 | D:5      | Noticed a two-headed ogre
  3271 | D:5      | 3271 ||| INVOKING Heroism.
  3280 | D:5      | Killed a two-headed ogre
  3280 | D:5      | Reached ** piety under Okawaru
  3280 | D:5      | Reached *** piety under Okawaru
  3281 | D:5      | Reached skill level 8 in Ranged Weapons
  3281 | D:5      | Reached XP level 8. HP: 18/48 MP: 7/11
  3284 | D:5      | 3284 ||| INVOKING Heroism.
  3306 | D:5      | Reached skill level 1 in Armour
  3417 | D:5      | Found a radiant altar of Vehumet.
  3713 | D:5      | Found a glowing drain.
  3714 | D:5      | 3714 ||| UPGRADING to +0 pair of gloves.
  3719 | D:5      | 3719 ||| DRINKING 2 fuming orange potions.
  3720 | D:5      | 3720 ||| READING 3 scrolls of identify.
  3720 | D:5      | 3720 ||| IDENTIFYING viscous ruby potion
  3721 | D:5      | 3721 ||| READING 2 scrolls of identify.
  3721 | D:5      | 3721 ||| IDENTIFYING emerald potion
  3722 | D:5      | 3722 ||| DROPPING potion of invisibility.
  3730 | Sewer    | Entered a sewer
  3772 | Sewer    | 3772 ||| Stepping ~*~*~tactically~*~*~ (outnumbered).
  3926 | Sewer    | Reached skill level 9 in Ranged Weapons
  4016 | Sewer    | 4016 ||| Stepping ~*~*~tactically~*~*~ (outnumbered).
  4180 | Sewer    | 4180 ||| READING scroll labelled APNUKA RYFULI.
  4181 | Sewer    | 4181 ||| DRINKING 4 blue potions.
  4182 | Sewer    | 4182 ||| DRINKING 3 fuming inky potions.
  4183 | Sewer    | 4183 ||| READING 2 scrolls of identify.
  4183 | Sewer    | 4183 ||| IDENTIFYING golden potion
  4184 | Sewer    | 4184 ||| DROPPING potion of brilliance.
  4220 | D:5      | 4220 ||| PLANNING D:1-11
  4392 | D:6      | Reached skill level 6 in Fighting
  4392 | D:6      | Reached XP level 9. HP: 42/56 MP: 12/12
  4392 | D:6      | 4392 ||| FLEEEEING.
  4393 | D:6      | 4393 ||| FLEEEEING.
  4397 | D:6      | 4397 ||| STAIRDANCE
  4444 | D:6      | 4444 ||| STAIRDANCE
  4447 | D:5      | 4447 ||| INVOKING Heroism.
  4565 | D:6      | 4565 ||| INVOKING Heroism.
  4651 | D:6      | 4651 ||| INVOKING Heroism.
  4656 | D:6      | Reached skill level 10 in Ranged Weapons
  4825 | D:6      | 4825 ||| Stepping ~*~*~tactically~*~*~ (outnumbered).
  4878 | D:6      | Reached skill level 3 in Dodging
  4885 | D:6      | Found a glowing silver altar of Zin.
  5010 | D:6      | Found a basalt altar of Yredelemnul.
  5015 | D:6      | 5015 ||| INVOKING Heroism.
  5238 | D:6      | 5238 ||| INVOKING Heroism.
  5284 | D:6      | Found a staircase to the Ecumenical Temple.
  5427 | D:6      | 5427 ||| READING scroll labelled GUUHIL IRUXZINU.
  5451 | D:7      | 5451 ||| PLANNING OSSUARY
  5468 | D:7      | Identified the +10 giant spiked club "Spiderslayer" {holy,
                  | +Blink Fly rF+ Will-}
  5468 | D:7      | Noticed a two-headed ogre
  5468 | D:7      | Noticed qw's ghost (novice GrHu)
  5469 | D:7      | Found a transporter.
  5473 | D:7      | Found a transporter.
  5482 | D:7      | 5482 ||| INVOKING Heroism.
  5591 | D:7      | Noticed a hellwing
  5595 | D:7      | 5595 ||| INVOKING Heroism.
  5606 | D:7      | HP: 13/57 [hellwing (2)]
  5607 | D:7      | 5607 ||| DRINKING 3 potions of heal wounds.
  5614 | D:7      | 5614 ||| INVOKING Heroism.
  5623 | D:7      | Killed a hellwing
  5624 | D:7      | Reached skill level 11 in Ranged Weapons
  5637 | D:7      | Reached XP level 10. HP: 27/64 MP: 13/13
  5638 | D:7      | Reached **** piety under Okawaru
  5641 | D:7      | HP: 16/64 [wolf spider zombie (5)]
  5642 | D:7      | 5642 ||| DRINKING 2 potions of heal wounds.
  5646 | D:7      | 5646 ||| INVOKING Heroism.
  5651 | D:7      | Reached skill level 12 in Ranged Weapons
  5665 | D:7      | Reached skill level 6 in Invocations
  5733 | D:7      | 5733 ||| FLEEEEING.
  5925 | D:7      | Found a sand-covered staircase.
  5926 | D:7      | 5926 ||| READING 5 scrolls of identify.
  5926 | D:7      | 5926 ||| IDENTIFYING cyan potion
  5927 | D:7      | 5927 ||| READING 4 scrolls of identify.
  5927 | D:7      | 5927 ||| IDENTIFYING pink potion
  5933 | Ossuary  | Entered an ossuary
  6174 | Ossuary  | 6174 ||| DRINKING 2 bubbling emerald potions.
  6175 | Ossuary  | 6175 ||| DROPPING potion of degeneration.
  6180 | D:7      | 6180 ||| PLANNING D:1-11
  6240 | D:7      | 6240 ||| FLEEEEING.
  6241 | D:7      | 6241 ||| FLEEEEING.
  6242 | D:7      | 6242 ||| FLEEEEING.
  6243 | D:7      | 6243 ||| FLEEEEING.
  6244 | D:7      | 6244 ||| FLEEEEING.
  6245 | D:7      | 6245 ||| FLEEEEING.
  6246 | D:7      | 6246 ||| FLEEEEING.
  6247 | D:7      | 6247 ||| FLEEEEING.
  6248 | D:7      | 6248 ||| FLEEEEING.
  6249 | D:7      | 6249 ||| FLEEEEING.
  6254 | D:7      | 6254 ||| FLEEEEING.
  6286 | D:7      | Found a blossoming altar of Fedhas.
  6308 | D:7      | 6308 ||| INVOKING Heroism.
  6515 | D:7      | Reached ***** piety under Okawaru
  6592 | D:7      | 6592 ||| Stepping ~*~*~tactically~*~*~ (outnumbered).
  6597 | D:7      | 6597 ||| Stepping ~*~*~tactically~*~*~ (outnumbered).
  6885 | D:7      | 6885 ||| READING 4 scrolls labelled OPEHIPP HIFUZO.
  6886 | D:7      | 6886 ||| READING 6 scrolls of identify.
  6886 | D:7      | 6886 ||| IDENTIFYING yellow potion
  6887 | D:7      | 6887 ||| DROPPING potion of ambrosia.
  6888 | D:7      | 6888 ||| DROPPING 3 scrolls of vulnerability.
  6928 | D:8      | 6928 ||| INVOKING Heroism.
  6947 | D:8      | Found Kupn's Weapon Shoppe.
  6970 | D:8      | Found a transporter.
  6970 | D:8      | Found a transporter.
  6976 | D:8      | Reached XP level 11. HP: 65/68 MP: 16/16
  7110 | D:8      | Found a transporter.
  7431 | D:8      | Found a transporter.
  7553 | D:8      | 7553 ||| INVOKING Heroism.
  7627 | D:8      | Found a staircase to the Lair.
  7633 | D:8      | 7633 ||| READING scroll of enchant weapon.
  7633 | D:8      | 7633 ||| ENCHANTING +0 heavy shortbow.
  7649 | D:8      | 7649 ||| INVOKING Heroism.
  7677 | D:8      | Found an ornate altar of the Wu Jian Council.
  7823 | D:8      | 7823 ||| PLANNING LAIR
  7823 | D:8      | 7823 ||| DRINKING 2 smoky green potions.
  7824 | D:8      | 7824 ||| DROPPING potion of enlightenment.
  7869 | Lair:1   | Entered Level 1 of the Lair of Beasts
  7870 | Lair:1   | 7870 ||| INVOKING Heroism.
  7877 | Lair:1   | 7877 ||| STAIRDANCE
  7880 | D:8      | HP: 12/68 [black mamba (7)]
  7881 | D:8      | 7881 ||| READING 2 scrolls of teleportation.
  7881 | D:8      | Mangled by a komodo dragon

Levels and vault maps discovered:
D:1:      psy_arrival_conway, layout_loops_ring, bh_walls_and_bars
D:2:      layout_loops_cross, shapermc_ecumenical_altar_starsandcircs,
          serial_shops, nicolae_shop_hallway_stairs
D:3:      layout_rooms, minitemple, nicolae_wormholes
D:4:      layout_basic, hangedman_decor_points, nzn_random_ring
D:5:      layout_basic, lemuel_round_altar, lightli_sewer_entry_pipes
D:6:      layout_basic, mainiacjoe_overflow_24_doors, marbit_many_paths,
          minmay_temple_entry_mini_moons, hangedman_abyss_or_decor_passed
D:7:      cheibrodos_grave_circle, layout_loops_corners, kennysheep_little_box,
          gammafunk_ghost_smash, nicolae_ossuary_entry_plus,
          serial_park_tiny_pond
D:8:      layout_loops_ring, mainiacjoe_overflow_alcove_1, lair_entry_dummy,
          serial_shops, nicolae_shop_bloodbath_and_beyond,
          nicolae_diode_quadrants
Lair:1:   layout_loops_ring

Skill      XL: |  1  2  3  4  5  6  7  8  9 10 11 |
---------------+----------------------------------+-----
Ranged Weapons | 5 6 7 8 9 11 12 | 12.8
Fighting       | 3 4 6 8 |  8.2
Dodging        | 2 3 4 |  4.0
Invocations    | 5 7 8 |  8.7
Armour         | 1 2 |  2.6
Stealth        | |  1.1

Action                     |  1- 3 |  4- 6 |  7- 9 | 10-12 || total
---------------------------+-------+-------+-------+-------++-------
   Fire: Shortbow          |   104 |   128 |   356 |   311 ||   899
 Invoke: Heroism           |       |       |    11 |     6 ||    17
    Use: Scroll            |     5 |     4 |    10 |     6 ||    25
         Potion            |       |       |     4 |     3 ||     7
 Armour: Leather armour    |    20 |    46 |   100 |    77 ||   243
  Dodge: Dodged            |    34 |    58 |   164 |   118 ||   374
  Block: Other             |       |     5 |    59 |    43 ||   107
         Reflection        |       |     1 |     1 |     1 ||     3

Table legend:
 A = Non-vault XP
 B = Vault XP
 C = Vault XP percentage of total XP
 D = Non-vault monster count
 E = Vault monster count
 F = Vault count percentage of total count
                 A         B        C        D         E       F
            +---------+---------+-------+---------+---------+-------
      Total |    6545 |    5032 |  43.5 |     178 |     114 |  39.0
            +---------+---------+-------+---------+---------+-------
        D:1 |      40 |       0 |   0.0 |      24 |       0 |   0.0
        D:2 |      67 |       0 |   0.0 |      24 |       0 |   0.0
        D:3 |      72 |      15 |  17.2 |      20 |       3 |  13.0
        D:4 |     137 |     389 |  74.0 |      15 |      17 |  53.1
        D:5 |    1177 |     122 |   9.4 |      18 |      12 |  40.0
        D:6 |    1369 |     124 |   8.3 |      23 |       1 |   4.2
        D:7 |    1069 |    3476 |  76.5 |      23 |      13 |  36.1
        D:8 |    2614 |       0 |   0.0 |      31 |       0 |   0.0
      Sewer |       0 |     373 | 100.0 |       0 |      46 | 100.0
    Ossuary |       0 |     533 | 100.0 |       0 |      22 | 100.0
            +---------+---------+-------+---------+---------+-------
